 Dungeon Crawl Stone Soup version 0.17.1-3-g152610e (webtiles) character file.

3892 Jerry the Blocker (level 10, -3/70 HPs)
             Began as a Formicid Fighter on Apr 7, 2016.
             Was a Priest of Elyvilon.
             Slain by a killer bee (10 damage)
             ... on level 8 of the Dungeon.
             The game lasted 00:31:25 (7944 turns).

Jerry the Blocker (Formicid Fighter)                Turns: 7944, Time: 00:31:25

Health: -3/70      AC: 11    Str: 29    XL:     10   Next: 42%
Magic:  11/13      EV: 10    Int: 10    God:    Elyvilon [***...]
Gold:   372        SH: 13    Dex: 12    Spells: 0 memorised, 9 levels left

rFire  + . .     SeeInvis +     u - +2 war axe (chop)
rCold  x . .     Clarity  .     h - +3 ring mail
rNeg   + . .     SustAt   .     c - +0 shield
rPois  .         Gourm    .     (helmet unavailable)
rElec  .         Spirit   .     l - +1 cloak
rCorr  .         Warding  .     (no gloves)
rMut   .         Stasis   +     (no boots)
MR     +....                    (no amulet)
Stlth  +.........               x - ring of positive energy
                                y - ring of fire (curse)

@: mighty, lethally poisoned (-3 -> -8), somewhat resistant to hostile
enchantments, very unstealthy
A: permanent stasis, dig shafts and tunnels, four strong arms, antennae 3,
talons 1, slimy green scales 1, agile 1, clever 1, deformed body, low mp 1,
sense surroundings 1
a: Dig, Shaft Self, Lesser Healing, Heal Other, Purification, Divine Protection,
Renounce Religion


You were on level 8 of the Dungeon.
You worshipped Elyvilon.
Elyvilon was most pleased with you.
You were very hungry.

You visited 1 branch of the dungeon, and saw 8 of its levels.

You collected 372 gold pieces.

Inventory:

Hand Weapons
 a - a +1 war axe
 u - a +2 war axe of chopping (weapon)
Armour
 c - a +0 shield (worn)
 h - a +3 ring mail (worn)
 l - a +1 cloak (worn)
Jewellery
 b - an uncursed ring of fire
 x - a ring of positive energy (right hand)
 y - a cursed ring of fire (left hand)
 A - a +2 ring of protection {unknown}
Wands
 p - a wand of cold (11)
 w - a wand of paralysis (9)
Scrolls
 k - a scroll of fog
 q - 2 scrolls of recharging
 r - a scroll of fear
 s - 2 scrolls of identify
 z - 2 scrolls of enchant armour
Potions
 g - a potion of ambrosia
 i - 5 potions of agility
 m - a potion of curing
 o - 3 potions of heal wounds
Books
 t - a book of Conjurations

   Spells                             Type                      Level
   a - Magic Dart                     Conjuration                  1
   b - Searing Ray                    Conjuration                  2
   c - Dazzling Spray                 Conjuration/Hexes            3
   d - Fulminant Prism                Conjuration/Hexes            4
   e - Iskenderun's Mystic Blast      Conjuration                  4
   f - Iskenderun's Battlesphere      Conjuration/Charms           5
Comestibles
 e - 6 bread rations
 f - a meat ration
 j - a chunk of flesh


   Skills:
 - Level 3.2 Fighting
 + Level 7.5 Axes
 + Level 8.6 Armour
 + Level 10.9 Shields
 + Level 6.2 Invocations


You had 9 spell levels left.
You didn't know any spells.

Dungeon Overview and Level Annotations

Branches:
Dungeon (8/15)             Temple (0/1) D:7
   Lair: D:8-11

Altars:
Cheibriados
Elyvilon
Gozag
Nemelex Xobeh
Okawaru
Sif Muna
Zin

Shops:
D:5 :!(


Innate Abilities, Weirdness & Mutations

You are under a permanent stasis effect.
You can dig through walls and to a lower floor.
Your four strong arms can wield two-handed weapons with a shield.
You have a pair of large antennae on your head (SInv).
You have sharp toenails.
You are partially covered in slimy green scales (AC +2).
You are agile. (Dex +2)
Your mind is acute. (Int +2)
Armour fits poorly on your strangely shaped body.
Your magical capacity is low (-10% MP).
You passively map a small area around you.


Message History

The killer bee stings you!
* * * LOW HITPOINT WARNING * * *
You hear an angry buzzing noise.
The killer bee stings you.
* * * LOW HITPOINT WARNING * * *
You hear an angry buzzing noise.
The killer bee closely misses you.
You are healed.
You feel somewhat more hungry.
You hear an angry buzzing noise.
The killer bee closely misses you.
You hear an angry buzzing noise.
You block the killer bee's attack. The killer bee stings you!
* * * LOW HITPOINT WARNING * * *
You are lethally poisoned!
The killer bee poisons you!
You are healed.
You feel somewhat more hungry.
You feel sick.
You hear an angry buzzing noise.
The killer bee rages.
The killer bee stings you!
You die...

....
#..#.................#
...,
#..#.................. ..
,,##.#.......y.......... .
#.#.................. * ,
##.....yy.....y.......
......(...yyy{{...........
....###..##y####..........
...,* ##.##y# #..........
* . *,* #.{#@# #..........
, ,* ##.#.# ###########
#.#.# , * #...# * ##..# *
, , #..# , , * , #.รท# , ,
, *##.# , , * , #># * * ,


You could see a queen bee and 6 killer bees.

Vanquished Creatures
  The ghost of NihilVerum the Cudgeler, a novice MiBe of Trog (D:6)
  Prince Ribbit (D:6)
  Eustachio (D:5)
  A hungry ghost (D:7)
  3 sky beasts
  A water moccasin (D:8)
  Duvessa (D:5)
  3 orc warriors
  An ice beast (D:7)
  An ogre (D:4)
  A centaur (D:7)
  A phantom (D:4)
  2 giant frogs (D:7)
  Dowan (D:5)
  A scorpion (D:5)
  6 killer bees (D:8)
  3 wights (D:7)
  2 crimson imps (D:5)
  A hound (D:7)
  3 quasits
  Ijyb (D:3)
  2 giant frog skeletons
  3 jellies
  5 orc priests (D:7)
  2 iguanas
  10 orc wizards
  3 worker ants
  2 hound skeletons (D:5)
  Robin (D:2)
  11 adders
  A worker ant zombie (D:5)
  An adder zombie (D:5)
  2 oozes (D:2)
  An adder skeleton (D:6)
  4 worms
  5 giant geckos
  17 orcs
  14 goblins
  8 hobgoblins
  9 jackals
  7 kobolds
  4 quokkas
  3 ball pythons
  10 bats
  5 giant cockroaches
  A giant gecko skeleton (D:4)
  A giant gecko zombie (D:7)
  4 giant newts
  A jackal skeleton (D:4)
  2 quokka skeletons (D:4)
  6 rats
181 creatures vanquished.

Vanquished Creatures (others)
  An orc wizard (D:7)
1 creature vanquished.

Grand Total: 182 creatures vanquished

Notes
Turn   | Place    | Note
--------------------------------------------------------------
     0 | D:1      | Jerry the Formicid Fighter began the quest for the Orb.
     0 | D:1      | Reached XP level 1. HP: 18/18 MP: 1/1
   108 | D:1      | Reached XP level 2. HP: 20/24 MP: 2/2
   195 | D:1      | Reached skill level 4 in Shields
   837 | D:1      | Gained mutation: Your spells are a little harder to cast, but a little more powerful. [potion of mutation]
   837 | D:1      | Gained mutation: You have an increased reservoir of magic (+10% MP). [potion of mutation]
   837 | D:1      | Gained mutation: Armour fits poorly on your strangely shaped body. [potion of mutation]
   929 | D:2      | Reached XP level 3. HP: 22/29 MP: 3/3
  1181 | D:2      | Noticed Robin
  1181 | D:2      | Found a deep blue altar of Sif Muna.
  1181 | D:2      | Found a glowing silver altar of Zin.
  1188 | D:2      | Killed Robin
  1188 | D:2      | Reached XP level 4. HP: 28/35 MP: 4/4
  1321 | D:2      | Reached skill level 5 in Shields
  1516 | D:2      | Reached XP level 5. HP: 29/41 MP: 5/5
  1895 | D:2      | Found a white marble altar of Elyvilon.
  1986 | D:2      | Lost mutation: Armour fits poorly on your strangely shaped body. [potion of cure mutation]
  1986 | D:2      | Lost mutation: You have an increased reservoir of magic (+10% MP). [potion of cure mutation]
  1986 | D:2      | Lost mutation: Your spells are a little harder to cast, but a little more powerful. [potion of cure mutation]
  2009 | D:2      | Became a worshipper of Elyvilon the Healer
  2085 | D:3      | Found a snail-covered altar of Cheibriados.
  2310 | D:3      | Noticed Ijyb
  2325 | D:3      | Killed Ijyb
  2537 | D:3      | Found a faded altar to an unknown god.
  2976 | D:4      | Reached XP level 6. HP: 28/47 MP: 6/6
  3155 | D:4      | Reached skill level 6 in Shields
  3677 | D:4      | Noticed an ogre
  3682 | D:4      | Killed an ogre
  3682 | D:4      | Reached skill level 5 in Armour
  3682 | D:4      | Reached XP level 7. HP: 26/52 MP: 7/7
  3965 | D:4      | Reached * piety under Elyvilon
  3979 | D:4      | Noticed a sky beast
  4001 | D:4      | Killed a sky beast
  4001 | D:4      | Reached skill level 7 in Shields
  4010 | D:4      | Gained mutation: Your magical capacity is low (-10% MP). [mutagenic meat]
  4011 | D:4      | Gained mutation: Armour fits poorly on your strangely shaped body. [mutagenic meat]
  4012 | D:4      | Gained mutation: Your magical capacity is very low (-20% MP). [mutagenic meat]
  4013 | D:4      | Gained mutation: You are agile. (Dex +2) [mutagenic meat]
  4014 | D:4      | Gained mutation: You are partially covered in slimy green scales (AC +2). [mutagenic meat]
  4151 | D:4      | Noticed a phantom
  4169 | D:4      | Killed a phantom
  4296 | D:5      | Entered Level 5 of the Dungeon
  4301 | D:5      | Found Ehacadai's Distillery.
  4321 | D:5      | Found Cippuugo's Antique Weapon Shop.
  4332 | D:5      | Noticed Duvessa
  4332 | D:5      | Noticed Dowan
  4340 | D:5      | Killed Duvessa
  4343 | D:5      | Killed Dowan
  4343 | D:5      | Reached skill level 8 in Shields
  4343 | D:5      | Reached XP level 8. HP: 23/58 MP: 6/6
  4362 | D:5      | Found an iron altar of Okawaru.
  4436 | D:5      | Found a sparkling altar of Nemelex Xobeh.
  4436 | D:5      | Found an opulent altar of Gozag.
  4448 | D:5      | Found Lytz's Book Emporium.
  4780 | D:5      | Noticed Eustachio
  4801 | D:5      | Killed Eustachio
  4801 | D:5      | Reached skill level 5 in Axes
  4801 | D:5      | Reached skill level 9 in Shields
  5313 | D:6      | Reached ** piety under Elyvilon
  5551 | D:6      | Reached skill level 1 in Invocations
  5599 | D:6      | Lost mutation: Your magical capacity is very low (-20% MP). [mutagenic meat]
  5600 | D:6      | Gained mutation: Your muscles are strong. (Str +2) [mutagenic meat]
  5601 | D:6      | Gained mutation: Potions and wands are less effective at restoring your health. [mutagenic meat]
  5602 | D:6      | Gained mutation: You passively map a small area around you. [mutagenic meat]
  5603 | D:6      | Gained mutation: Your mind is acute. (Int +2) [mutagenic meat]
  5661 | D:6      | Reached XP level 9. HP: 59/64 MP: 9/9
  5692 | D:6      | Reached *** piety under Elyvilon
  5697 | D:6      | Noticed NihilVerum's ghost (novice MiBe)
  5712 | D:6      | HP: 2/64 [NihilVerum's ghost (21)]
  5716 | D:6      | Killed NihilVerum's ghost
  6350 | D:6      | Noticed Prince Ribbit
  6361 | D:6      | Killed Prince Ribbit
  6361 | D:6      | Reached skill level 10 in Shields
  7250 | D:7      | Found a staircase to the Ecumenical Temple.
  7253 | D:7      | Reached XP level 10. HP: 56/70 MP: 12/12
  7270 | D:7      | Reached skill level 5 in Invocations
  7320 | D:7      | Lost mutation: Potions and wands are less effective at restoring your health. [potion of mutation]
  7320 | D:7      | Lost mutation: Your muscles are strong. (Str +2) [potion of mutation]
  7320 | D:7      | Gained mutation: You have sharp toenails. [potion of mutation]
  7942 | D:8      | HP: 3/70 [killer bee (5)]
  7943 | D:8      | HP: 1/70 [killer bee (10)]
  7944 | D:8      | Slain by a killer bee

Action                   |  1- 3 |  4- 6 |  7- 9 | 10-12 || total
-------------------------+-------+-------+-------+-------++-------
Melee: War axe           |    71 |   247 |   259 |   131 ||   708
Invok: Lesser Healing    |       |       |     3 |     2 ||     5
       Purification      |       |       |       |     1 ||     1
  Use: Potion            |     3 |     8 |     3 |     4 ||    18
       Scroll            |       |     8 |     1 |     3 ||    12
  Eat: Chunk             |     1 |     8 |    22 |     3 ||    34
       Royal jelly       |       |       |     1 |       ||     1
       Meat ration       |       |       |       |     1 ||     1
